 Dungeon Crawl Stone Soup version 0.30.0-29-ga12c61a403 (webtiles) character file.

Game seed: 3966946823739626034

25758 seaoflcl the Protected (level 12, -2/106 HPs)
             Began as a Minotaur Fighter on June 9, 2023.
             Was a High Priest of Okawaru.
             Killed from afar by a rime drake (10 damage)
             ... with an icy flash freeze
             ... on level 2 of the Lair of Beasts.
             The game lasted 00:40:11 (17678 turns).

seaoflcl the Protected (Minotaur Fighter)          Turns: 17678, Time: 00:40:13

Health: -2/106     AC: 25    Str: 25    XL:     12   Next: 92%
Magic:  12/12      EV: 10    Int:  3    God:    Okawaru [*****.]
Gold:   171        SH: 11    Dex: 14    Spells: 13/13 levels left

rFire   + . .        F - +6 double sword of Xycsis {protect, rC+ Int-2 Dex+3 Stlth+}
rCold   + . .        H - +0 kite shield
rNeg    . . .        s - +2 plate armour {rF+}
rPois   +            (helmet restricted)
rElec   .            p - +2 cloak of the Thief {*Fog Slay-2 SInv Stlth+}
rCorr   .            w - +0 pair of gloves
SInv    +            (no boots)
Will    .....        (no amulet) Stlth
                     z - ring of poison resistance
HPRegen 0.37/turn    o - +4 ring of protection
MPRegen 0.13/turn

%: no passive effects
@: no status effects
A: horns 2, retaliatory headbutt
a: Renounce Religion, Heroism, Finesse, Duel


You were on level 2 of the Lair of Beasts.
You worshipped Okawaru.
Okawaru was extremely pleased with you.
You visited 3 branches of the dungeon, and saw 14 of its levels.

You collected 926 gold pieces.
You spent 755 gold pieces at shops.

Inventory:

Hand Weapons
 a - a +4 morningstar of venom
 i - a +2 spear of venom
 n - the +3 rapier of Terror {holy, Int+5}
   (Okawaru gifted it to you on level 10 of the Dungeon)

   Int:       It affects your intelligence (+5).
 x - a +3 great sword
 F - the +6 double sword of Xycsis (weapon) {protect, rC+ Int-2 Dex+3 Stlth+}
   (Okawaru gifted it to you on level 2 of the Lair of Beasts)

   Int:       It affects your intelligence (-2).
   Dex:       It affects your dexterity (+3).
   rC:        It protects you from cold.
   Stlth:     It makes you more stealthy.
 M - a +1 trident of freezing
 N - a +3 hand axe
 O - a +1 short sword of speed
 S - a +1 war axe
 V - the +5 mace of Saphuuw {protect, rF- Str+2 SInv}
   (You found it on level 9 of the Dungeon)

   Str:       It affects your strength (+2).
   rF:        It makes you vulnerable to fire.
   SInv:      It lets you see invisible.
 Y - a +5 battleaxe
 Z - a +2 antimagic broad axe
Missiles
 h - 21 boomerangs
 y - 61 poisoned darts
 E - 3 atropa-tipped darts
 J - 4 curare-tipped darts
 R - 3 javelins (quivered)
 W - 3 silver boomerangs
 X - a throwing net
Armour
 p - the +2 cloak of the Thief (worn) {*Fog Slay-2 SInv Stlth+}
   (You bought it in a shop on level 7 of the Dungeon)

   *Fog:      It may release a thick cloud of smoke when the wearer is hurt.
   Slay:      It affects your accuracy & damage with ranged weapons and melee
   (-2).
   SInv:      It lets you see invisible.
   Stlth:     It makes you more stealthy.
 s - a +2 plate armour of fire resistance (worn)
 w - a +0 pair of gloves (worn)
 H - a +0 kite shield (worn)
Jewellery
 c - a ring of flight
 j - a ring of positive energy
 o - a +4 ring of protection (right hand)
 t - an amulet of faith
 z - a ring of poison resistance (left hand)
 C - a ring of protection from cold
Wands
 q - a wand of mindburst (14)
 A - a wand of quicksilver (3)
 D - a wand of flame (8)
Scrolls
 b - a scroll of blinking {unknown}
 e - 9 scrolls of teleportation
 l - 4 scrolls of magic mapping
 u - a scroll of enchant armour {unknown}
 v - a scroll of poison {unknown}
 B - a scroll of amnesia {unknown}
 G - 2 scrolls of fog
 P - a scroll of silence {unknown}
 Q - 2 scrolls of enchant weapon
 T - a scroll of brand weapon
 U - a scroll of torment {unknown}
Potions
 d - 2 potions of might
 f - 6 potions of berserk rage
 g - 4 potions of curing
 k - 3 potions of invisibility
 m - 2 potions of brilliance
 r - 2 potions of ambrosia {unknown}
 I - 2 potions of haste
 K - 5 potions of resistance
 L - 3 potions of lignification


   Skills:
 + Level 10.1 Fighting
 * Level 8.0 Long Blades
 - Level 10.2(11.6) Axes
 - Level 8.6(10.8) Maces & Flails
 + Level 7.8 Throwing
 + Level 10.3 Armour
 + Level 8.6 Dodging
 + Level 10.2 Shields
 - Level 1.1 Spellcasting
 - Level 2.4 Invocations


You had 13 spell levels left.
You didn't know any spells.
Your spell library contained the following spells:

 Spells                   Type           Power      Damage    Failure   Level
 Inner Flame              Hex/Fire       0%         N/A       100%        3
 Anguish                  Hex/Necr       0%         N/A       100%        4
 Cause Fear               Hex            0%         N/A       100%        4
 Flame Wave               Conj/Fire      0%         2d4       100%        4
 Passage of Golubria      Tloc           0%         N/A       100%        4
 Sticky Flame             Conj/Fire      0%         2d3       100%        4
 Alistair's Intoxication  Tmut/Pois      0%         N/A       100%        5
 Borgnjor's Vile Clutch   Necr/Erth      0%         N/A       100%        5
 Yara's Violent Unravell  Hex/Tmut       0%         3d3       100%        5
 Eringya's Noxious Bog    Tmut/Pois      0%         N/A       100%        6
 Enfeeble                 Hex            0%         N/A       100%        7
 Tukima's Dance           Hex            Unusable   N/A       N/A         3

Dungeon Overview and Level Annotations

Branches:
Dungeon (11/15)            Temple (1/1) D:5            Lair (2/5) D:11
 Spider (0/4) Lair:2          Orc (0/2) D:9
  Swamp: Lair:2-3    Shoals: Lair:2-3

Altars:
Ashenzari
Cheibriados
Elyvilon
Fedhas
Gozag
Hepliaklqana
Makhleb
Okawaru
Qazlal
Ru
Trog
Uskayaw
Wu Jian
Xom
Yredelemnul
Zin
The Shining One

Shops:
D:3 *!:   D:6 =   D:7 *!:?(   D:9 :

Portals:
Trove: D:11 (give horn of Geryon)

Annotations:
D:6 3 runed translucent doors, hawkwood's ghost, novice DgAr
Lair:1 exclusion: oklob plant


Innate Abilities, Weirdness & Mutations

You have a pair of horns on your head.
You reflexively headbutt those who attack you in melee.


Message History

You block the skyshark's attack. The skyshark closely misses you.
You block the skyshark's attack.
You slash the skyshark!
The skyshark is moderately wounded.
You block the skyshark's attack. The skyshark tail-slaps you!
The skyshark tail-slaps you but does no damage.
The skyshark barely misses you. You furiously retaliate!
You headbutt the skyshark. The skyshark closely misses you.
The skyshark misses you. The blink frog hits you.
The skyshark attacks as you move away!
The skyshark bites you but does no damage.
The skyshark tail-slaps you but does no damage.
You block the skyshark's attack. The skyshark attacks as you move away!
The skyshark barely misses you. The skyshark completely misses you.
You block the skyshark's attack.
The skyshark bites you but does no damage.
The skyshark tail-slaps you. The skyshark tail-slaps you!
* * * LOW HITPOINT WARNING * * *
The skyshark attacks as you move away!
The skyshark bites you but does no damage.
The skyshark tail-slaps you but does no damage. x2
The blink frog hits the fungus!!
The fungus begins to die.
The skyshark bites you but does no damage.
You block the skyshark's attack. x2
The skyshark bites you!
* * * LOW HITPOINT WARNING * * *
The skyshark tail-slaps you but does no damage.
The skyshark tail-slaps you.
* * * LOW HITPOINT WARNING * * *
The skyshark bites you!
* * * LOW HITPOINT WARNING * * *
The skyshark tail-slaps you but does no damage. x2
The blink frog blinks!
The skyshark attacks as you move away!
The skyshark bites you but does no damage.
The skyshark tail-slaps you but does no damage.
The skyshark misses you.
The skyshark is no longer berserk.
The rime drake breathes ice at you. The icy flash freeze hits you!
You partially resist.
You die...

.#P#. ##§##
##########§§#
#P#....#.#§##
###......F##.P#
#.#........#k.######
##.........†.....#.#
#...............#.##
##.......l...##....P#
#......F.@...####...##
###..<.......#
##...### #.........##
#.#....# ##........##
####...### #.......#.#
#.##...# ##......###
#####.†# #.##..## ###.
#####.# ## (.# #


You could see a skyshark (slow), 2 blink frogs and a rime drake (catching
breath).

Vanquished Creatures
  Snorg (D:11)
  Harold (D:11)
  A catoblepas (Lair:2)
  2 hydras (Lair:1)
  A two-headed ogre (D:11)
  A boulder beetle (D:11)
  3 death yaks (Lair:2)
  A skyshark (Lair:2)
  An ugly thing (D:9)
  3 black mambas
  5 elephants (Lair:1)
  3 cane toads (Lair:1)
  Maggie (D:6)
  4 gargoyles
  2 unseen horrors (D:11)
  Psyche (D:11)
  2 rime drakes
  A komodo dragon (Lair:1)
  A troll (D:10)
  A polar bear (Lair:1)
  Grinder (D:6)
  A blink frog (Lair:1)
  3 hornets
  2 wyverns
  21 yaks
  3 steam dragons
  Grum (D:11)
  4 vampire mosquitoes (D:8)
  The ghost of 0gre the Chiller, an amateur GnIE (D:3)
  Menkaure (D:7)
  4 water moccasins
  8 orc warriors
  An ice beast (D:7)
  2 black bears
  2 ogres
  A sky beast (D:6)
  3 centaurs
  4 wolves (D:11)
  3 phantoms
  9 kobold brigands
  4 bullfrogs
  A gnoll sergeant (D:8)
  6 scorpions
  13 wights
  12 killer bees
  5 howler monkeys
  3 jellies
  3 hounds
  Crazy Yiuf (D:3)
  10 orc priests
  Ijyb (D:3)
  2 sleepcaps
  Natasha (twice) (D:2)
  3 iguanas
  9 orc wizards
  Terence (D:2)
  3 gnolls (D:8)
  6 adders
  3 shadow imps
  3 white imps
  2 ufetubi
  6 worms
  2 dart slugs
  76 orcs
  5 endoplasms
  5 giant cockroaches
  8 goblins
  6 hobgoblins
  6 jackals
  35 kobolds
  5 quokkas
  10 ball pythons
  3 bats
  2 frilled lizards (D:2)
  7 rats
380 creatures vanquished.

Vanquished Creatures (others)
  2 orcs (D:7)
2 creatures vanquished.

Grand Total: 382 creatures vanquished

Notes
Turn   | Place    | Note
-------+----------+-------------------------------------------
     0 | D:1      | seaoflcl the Minotaur Fighter began the quest for the Orb.
     0 | D:1      | Reached XP level 1. HP: 19/19 MP: 0/0
    54 | D:1      | Reached XP level 2. HP: 27/27 MP: 1/1
   765 | D:2      | Noticed Natasha
   769 | D:2      | Killed Natasha
   770 | D:2      | Reached XP level 3. HP: 26/33 MP: 2/2
   803 | D:2      | Noticed Natasha
   808 | D:2      | Killed Natasha
   809 | D:2      | Reached XP level 4. HP: 40/40 MP: 3/3
  1032 | D:2      | Reached skill level 1 in Throwing
  1312 | D:2      | Noticed Terence
  1318 | D:2      | Killed Terence
  1630 | D:2      | Reached skill level 1 in Dodging
  1793 | D:3      | Found Keluf's Book Shop.
  1942 | D:3      | Found a faded altar of an unknown god.
  1997 | D:3      | Found a runed translucent door.
  1998 | D:3      | Noticed Crazy Yiuf
  2178 | D:3      | Reached XP level 5. HP: 46/46 MP: 4/4
  2262 | D:3      | Found Xoesos's Distillery.
  2270 | D:3      | Bought a potion of curing for 39 gold pieces
  2276 | D:3      | Found a runed translucent gate.
  2279 | D:3      | Found a runed translucent gate.
  2279 | D:3      | Found a runed translucent gate.
  2303 | D:3      | Found Hoesorem's Assorted Antiques.
  2402 | D:3      | Noticed 0gre's ghost (amateur GnIE)
  2494 | D:3      | Noticed Ijyb
  2512 | D:3      | Killed Ijyb
  2784 | D:4      | Found a blossoming altar of Fedhas.
  2865 | D:4      | Reached XP level 6. HP: 45/53 MP: 5/5
  2922 | D:4      | Reached skill level 5 in Axes
  3429 | D:4      | Reached skill level 5 in Shields
  3637 | D:5      | Entered Level 5 of the Dungeon
  3737 | D:5      | Reached skill level 5 in Armour
  3737 | D:5      | Reached XP level 7. HP: 52/60 MP: 6/6
  3740 | D:5      | Reached skill level 5 in Fighting
  4069 | D:5      | Found a staircase to the Ecumenical Temple.
  4432 | Temple   | Entered the Ecumenical Temple
  4473 | Temple   | Became a worshipper of Warmaster Okawaru
  4769 | D:6      | Found a runed translucent gate.
  4769 | D:6      | Found a runed translucent gate.
  4770 | D:6      | Found a runed translucent gate.
  4771 | D:6      | Noticed hawkwood's ghost (novice DgAr)
  4931 | D:6      | Found Qauvusie's Jewellery Emporium.
  5051 | D:6      | Noticed Grinder
  5067 | D:6      | Paralysed by Grinder for 2 turns
  5071 | D:6      | Killed Grinder
  5071 | D:6      | Reached * piety under Okawaru
  5072 | D:6      | Reached XP level 8. HP: 27/70 MP: 7/7
  5686 | D:6      | Noticed Maggie
  5700 | D:6      | Killed Maggie
  5933 | D:7      | Noticed Menkaure
  6416 | D:6      | Reached ** piety under Okawaru
  6658 | D:6      | Reached XP level 9. HP: 28/78 MP: 8/8
  7000 | D:7      | Killed Menkaure
  7360 | D:7      | Found Vyecip's Assorted Antiques.
  7489 | D:7      | Reached skill level 1 in Long Blades
  7489 | D:7      | Reached skill level 5 in Dodging
  7490 | D:7      | Found Taegeh's Book Boutique.
  7547 | D:7      | Reached *** piety under Okawaru
  7646 | D:7      | Found Riffatwi's Magic Scroll Emporium.
  7649 | D:7      | Bought a scroll of fog for 52 gold pieces
  7649 | D:7      | Bought a scroll of identify for 26 gold pieces
  7649 | D:7      | Bought a scroll of identify for 26 gold pieces
  7649 | D:7      | Bought a scroll of enchant weapon for 97 gold pieces
  7777 | D:7      | Found Yra Beb's Antique Weapon Emporium.
  7943 | D:7      | Found Gotoij's Distillery.
  7946 | D:7      | Bought a potion of lignification for 33 gold pieces
  8321 | D:8      | Reached skill level 5 in Throwing
  8366 | D:8      | Reached XP level 10. HP: 42/86 MP: 9/9
  8692 | D:8      | Found a hide-covered altar of Uskayaw.
  8760 | D:8      | Found a bloodstained altar of Trog.
  9199 | D:9      | Found a basalt altar of Yredelemnul.
  9210 | D:9      | Reached **** piety under Okawaru
  9211 | D:9      | Reached skill level 10 in Axes
  9371 | D:9      | Noticed a green ugly thing
  9388 | D:9      | Killed a green ugly thing
  9476 | D:9      | Found Petets's Book Boutique.
  9995 | D:9      | Identified the +5 mace of Saphuuw {protect, rF- Str+2 SInv}
 10036 | D:9      | Found a staircase to the Orcish Mines.
 10121 | D:9      | Reached skill level 1 in Maces & Flails
 10307 | D:9      | Reached skill level 1 in Invocations
 10365 | D:9      | You fall into a shaft and drop 2 floors!
 10370 | D:10     | Entered Level 10 of the Dungeon
 10925 | D:10     | Reached ***** piety under Okawaru
 11028 | D:10     | Reached XP level 11. HP: 81/94 MP: 11/11
 11527 | D:10     | Identified the +3 rapier of Terror {holy, Int+5} (Okawaru
                  | gifted it to you on level 10 of the Dungeon)
 11527 | D:10     | Received a gift from Okawaru
 12185 | D:11     | Found an ornate altar of the Wu Jian Council.
 12588 | D:11     | Noticed a two-headed ogre
 12605 | D:11     | Killed a two-headed ogre
 12606 | D:11     | Reached skill level 5 in Long Blades
 12610 | D:11     | Noticed Snorg
 12626 | D:11     | Killed Snorg
 12627 | D:11     | Reached skill level 5 in Maces & Flails
 12746 | D:11     | Found a staircase to the Lair.
 12812 | D:11     | Noticed a boulder beetle
 12812 | D:11     | Noticed Harold
 12816 | D:11     | Noticed Grum
 12837 | D:11     | Killed Grum
 12877 | D:11     | Received a gift from Okawaru
 12889 | D:11     | Killed Harold
 12897 | D:11     | Killed a boulder beetle
 13203 | D:11     | Found a portal to a secret trove of treasure.
 13226 | D:11     | Noticed Psyche
 13265 | D:11     | Killed Psyche
 13265 | D:11     | Received a gift from Okawaru
 14133 | D:3      | Killed 0gre's ghost
 14232 | D:3      | Killed Crazy Yiuf
 14233 | D:3      | Reached XP level 12. HP: 104/104 MP: 12/12
 14484 | D:7      | Bought the +2 cloak of the Thief {*Fog Slay-2 SInv Stlth+}
                  | for 482 gold pieces
 14484 | D:7      | Found the +2 cloak of the Thief {*Fog Slay-2 SInv Stlth+}
 14598 | Lair:1   | Entered Level 1 of the Lair of Beasts
 14984 | Lair:1   | Noticed an eight-headed hydra
 15020 | Lair:1   | Killed an eight-headed hydra
 15394 | Lair:1   | Noticed a seven-headed hydra
 15403 | Lair:1   | Killed a seven-headed hydra
 15471 | Lair:1   | Found the +1 robe of Vines {NoPotionHeal Regen++++}
 16166 | Lair:1   | Received a gift from Okawaru
 16615 | Lair:2   | Noticed a catoblepas
 16642 | Lair:2   | Killed a catoblepas
 16643 | Lair:2   | Reached skill level 1 in Spellcasting
 16755 | Lair:2   | Reached skill level 10 in Armour
 16846 | Lair:2   | Found a hole to the Spider Nest.
 16852 | Lair:2   | Noticed a death yak
 16886 | Lair:2   | Killed a death yak
 16887 | Lair:2   | Reached skill level 10 in Shields
 16897 | Lair:2   | Identified the +6 double sword of Xycsis {protect, rC+
                  | Int-2 Dex+3 Stlth+} (Okawaru gifted it to you on level 2 of
                  | the Lair of Beasts)
 16897 | Lair:2   | Received a gift from Okawaru
 16954 | Lair:2   | Noticed a death yak
 16985 | Lair:2   | Noticed a death yak
 16999 | Lair:2   | Killed a death yak
 17010 | Lair:2   | Killed a death yak
 17011 | Lair:2   | Reached skill level 10 in Fighting
 17678 | Lair:2   | Killed from afar by a rime drake

Illustrated notes

Levels and vault maps discovered:
D:1:      dpeg_arrival_connections, layout_basic
D:2:      layout_loops_corners, uniq_natasha, uniq_terence
D:3:      layout_basic, serial_shops, nicolae_shop_advertising_works
          [nicolae_subvault_shop_adworks], shop, shop,
          ebering_ghost_rock_garden, hellmonk_ecumenical_altar_inner_sanctum,
          uniq_ijyb, uniq_crazy_yiuf_cottage
D:4:      layout_cave_pools, fedhas_ov_isle_minmay, minmay_misc_feat_square,
          chequers_garden
D:5:      layout_gridville, temple_pool_b, saegor_snake_ambush
D:6:      layout_layer_cave, gammafunk_ghost_necromancy, serial_shops, shop,
          uniq_grinder, uniq_maggie
D:7:      layout_basic, serial_shops, shop, kennysheep_mini_moat,
          nicolae_shop_dealshenge, shop, shop, minmay_bent, uniq_menkaure
D:8:      wander_river, layout_basic, grunt_decor_cap, hangedman_feature_mirror
D:9:      layout_roguey, mainiacjoe_overflow_concentric_impassable,
          hiddenorc2_lemuel, serial_shops, shop, kennysheep_minor_cross,
          kennysheep_small_spiral, st_stairs_5, bh_circular_ruins
D:10:     layout_roguey [special_room_orc], st_stairs_2,
          kennysheep_big_empty_room
D:11:     layout_roguey, grunt_lair_entry_orc_guard_hut, enter_trove_0,
          nicolae_wu_jian_glorious_leap, uniq_harold, uniq_psyche, uniq_grum,
          uniq_snorg
Temple:   nicolae_temple_bog_church
Lair:1:   layout_loops_ring, minivault_23, hellmonk_guarded_unrand_vines,
          grunt_megastairs_3, serial_bayou_shore_b
Lair:2:   layout_cave_pods, minmay_shoals_entry_hut,
          nicolae_spider_entry_non_spiders, serial_bayou_pond_d

Skill      XL: |  1  2  3  4  5  6  7  8  9 10 11 12 |
---------------+-------------------------------------+-----
Axes           | 3 4 5 6 8 9 10 | 10.2
Fighting       | 4 5 6 7 8 9 10 | 10.1
Armour         | 4 5 6 7 8 9 10 | 10.3
Shields        | 4 5 6 7 8 9 10 | 10.2
Throwing       | 1 2 3 4 5 6 7 |  7.8
Dodging        | 1 2 3 4 5 6 7 8 |  8.6
Long Blades    | 2 4 6 8 |  8.0
Maces & Flails | 3 7 8 |  8.6
Invocations    | 2 |  2.4
Spellcasting   | 1 |  1.1

Action                     |  1- 3 |  4- 6 |  7- 9 | 10-12 || total
---------------------------+-------+-------+-------+-------++-------
  Melee: War axe           |    36 |   145 |   189 |    63 ||   433
         Headbutt          |     2 |    23 |    55 |   204 ||   284
         Hand axe          |       |       |   147 |    13 ||   160
         Mace              |       |       |       |   646 ||   646
         Double sword      |       |       |       |    94 ||    94
         Short sword       |       |       |       |    21 ||    21
  Throw: Javelin           |       |     3 |     6 |    20 ||    29
         Boomerang         |       |       |     2 |     8 ||    10
         Dart              |       |       |       |     7 ||     7
         Throwing net      |       |       |       |     1 ||     1
 Invoke: Heroism           |       |       |     1 |     3 ||     4
         Finesse           |       |       |       |     2 ||     2
    Use: Scroll            |       |     2 |     7 |     5 ||    14
         Potion            |       |       |     2 |     6 ||     8
 Armour: Scale mail        |    16 |    71 |   187 |   111 ||   385
         Plate armour      |       |       |       |   505 ||   505
  Dodge: Dodged            |    14 |    65 |   143 |   378 ||   600
  Block: Buckler           |     7 |    44 |   109 |     4 ||   164
         Kite shield       |       |       |       |   542 ||   542
